 Dungeon Crawl Stone Soup version 0.20-a0-540-ge6d1839 (webtiles) character file.

78019 Duffy the Devastator (level 15, 92/92 HPs)
             Began as a Deep Elf Conjurer on Jan 29, 2017.
             Was a High Priest of Vehumet.
             Quit the game on level 2 of the Orcish Mines.
             The game lasted 00:47:05 (27809 turns).

Duffy the Devastator (Deep Elf Conjurer)           Turns: 27809, Time: 00:47:06

Health: 92/92      AC:  7    Str:  5    XL:     15   Next: 17%
Magic:  37/37      EV: 23    Int: 27    God:    Vehumet [*****.]
Gold:   844        SH:  0    Dex: 15    Spells: 27/46 levels left

rFire    + . .     SeeInvis .   y - staff of wizardry
rCold    + . .     Gourm    .   A - +0 robe {rC+ rF+}
rNeg     . . .     Faith    .   (no shield)
rPois    .         Spirit   .   s - +2 hat
rElec    .         Reflect  .   X - +1 cloak
rCorr    .         Harm     .   M - +0 pair of gloves
MR       ++...                  (no boots)
Stlth    ++........             F - amulet of magic regeneration
Regen    0.3/turn               Q - +3 ring of evasion
                                B - ring of protection from magic

@: delayed fireball
A: blurry vision 1, mutation resistance 1
a: Renounce Religion, Release Delayed Fireball


You were on level 2 of the Orcish Mines.
You worshipped Vehumet.
Vehumet was extremely pleased with you.
You were not hungry.

You visited 4 branches of the dungeon, and saw 20 of its levels.
You also visited: Volcano.

You collected 2454 gold pieces.
You spent 1610 gold pieces at shops.

Inventory:

Hand Weapons
 N - a +5 dagger of chaos
Armour
 s - a +2 hat (worn)
 A - a +0 robe of resistance (worn)
 M - a +0 pair of gloves (worn)
 X - a +1 cloak (worn)
Magical Staves
 y - an uncursed staff of wizardry (weapon)
 P - an uncursed staff of cold
Jewellery
 B - a ring of protection from magic (left hand)
 F - an amulet of magic regeneration (around neck)
 Q - a +3 ring of evasion (right hand)
Wands
 b - a wand of digging (4/24)
 g - a wand of enslavement (8/24)
 D - a wand of acid (2/15)
 I - a wand of confusion (14/48)
 S - a wand of lightning (6/15)
Scrolls
 e - 2 scrolls of magic mapping
 k - 5 scrolls of remove curse
 m - 4 scrolls of amnesia
 q - 6 scrolls of recharging
 u - 12 scrolls of teleportation
 x - 4 scrolls of enchant armour
 C - a scroll of fog
 E - a scroll of immolation
 H - 3 scrolls of enchant weapon
 K - a scroll of vulnerability {unknown}
 L - a scroll of fear
 R - a scroll of torment {unknown}
Potions
 d - a potion of lignification
 f - 2 potions of flight
 i - 7 potions of haste
 j - a potion of might
 n - 6 potions of curing
 p - 4 potions of heal wounds
 v - 3 potions of resistance {unknown}
 z - 3 potions of berserk rage
 G - 3 potions of cancellation
 J - 5 potions of agility
 O - 3 potions of brilliance
 Y - 2 potions of magic {unknown}
Books
 l - a book of Spatial Translocations

   Spells                             Type                      Level
   a - Blink                          Translocation                2
   b - Shroud of Golubria             Charms/Translocation         2
   c - Lesser Beckoning               Translocation                3
   d - Portal Projectile              Translocation                3
   e - Teleport Other                 Translocation                3
   f - Passage of Golubria            Translocation                4
Miscellaneous
 h - a crystal ball of energy
Comestibles
 a - 9 chunks of flesh
 c - 13 bread rations
 o - 9 royal jellies
 t - 6 meat rations
 w - 26 fruits


   Skills:
 - Level 10.0 Fighting
 - Level 11.0 Dodging
 - Level 2.4 Stealth
 + Level 16.0 Spellcasting
 * Level 19.2 Conjurations
 - Level 4.0 Charms


You had 27 spell levels left.
You knew the following spells:

 Your Spells              Type           Power        Failure   Level  Hunger
a - Magic Dart            Conj           ####         0%          1    None
h - Iskenderun's Mystic   Conj           #######.     0%          4    None
i - Iskenderun's Battles  Conj/Chrm      ######..     1%          5    None
k - Fireball              Conj/Fire      ######....   1%          5    None
s - Searing Ray           Conj           ######       0%          2    None
K - Delayed Fireball      Conj/Fire      N/A          4%          7    #####..


Dungeon Overview and Level Annotations

Branches:
Dungeon (11/15)            Temple (1/1) D:5            Lair (6/6) D:9
 Shoals (0/4) Lair:3       Spider (0/4) Lair:2        Slime (0/5) Lair:6
    Orc (2/2) D:10            Elf (0/3) Orc:2

Altars:
Ashenzari
Cheibriados
Dithmenos
Elyvilon
Fedhas
Gozag
Hepliaklqana
Kikubaaqudgha
Makhleb
Nemelex Xobeh
Okawaru
Qazlal
Ru
Sif Muna
Trog
Uskayaw
Vehumet
Xom
Yredelemnul
Zin
The Shining One
Jiyva

Shops:
D:5 =   Orc:2 ?**[


Innate Abilities, Weirdness & Mutations

Scrolls take you a little longer to read.
You are somewhat resistant to further mutation.


Message History

You see here 2 arrows.
Items here: ( ))) [ a shortbow; a plate armour; a trident; 43 arrows; a shortbow
Items here: (( )) an arrow; an uncursed trident; 22 bolts; an arbalest You see here an arrow.
Items here: (( )))))))))) [
Items here: (( ))) [ You see here a bolt.
You see here 2 arrows.
You see here an arrow.
Things that are here:
an uncursed great mace; 25 bolts; an arbalest You see here an arrow.
You see here 2 potions of mutation.
r - 2 potions of mutation You feel extremely strange.
Your vision blurs.
You feel genetically stable.
You feel frail.
You feel extremely strange.
Are you sure you want to abandon this character and quit the game? (Confirm with "yes".)

###########.#.)(..[.))).(########
#...........[...................#
............[....................
..##..##..##...###...##..##..##..
.##..........~~# #~~..........##.
.#..........~~~# #~~~..........#.
........).~~~~#####~~~~..........
.#......~~~~####\####~~~~......#.
.#.....~~~~####.@.####~~~~.....#.
................\|...............
................\................
.#.....~~~~####...####~~~~.....#.
.#......~~~~####\####~~~~......#.
..........~~~~#####~~~~..........
.#..........~~~# #~~~...)......#.
.##..........~~# #~~..........##.
..##..##..##...###...##..##..##..


There were no monsters in sight!

Vanquished Creatures
  Rupert (Lair:3)
  Kirke (Lair:3)
  The ghost of azzavlup the Fencer, a journeyman DsAK of Lugonu (Orc:2)
  Josephine (Lair:4)
  6 hydras
  2 two-headed ogres
  A sun demon (Volcano)
  An orc high priest (Orc:2)
  Urug (Lair:2)
  An orb spider (Lair:2)
  4 orc knights (Orc:2)
  A cyclops (D:11)
  3 orc sorcerers
  2 ugly things
  An oklob plant (Lair:6)
  10 elephants
  Psyche (D:9)
  A merfolk siren (Lair:3)
  Joseph (D:7)
  2 black mambas
  A kobold demonologist (D:11)
  8 rime drakes
  23 spiny frogs
  9 komodo dragons
  A red devil (Volcano)
  2 merfolk (Lair:3)
  2 polar bears
  3 trolls
  2 tyrant leeches (Lair:6)
  Grinder (D:5)
  14 hippogriffs
  7 dream sheep (Lair:5)
  19 blink frogs
  5 wraiths (Lair:4)
  Sigmund (D:6)
  A spriggan (Lair:1)
  8 wyverns
  4 basilisks
  11 yaks
  A hungry ghost (D:8)
  A human (D:7)
  6 hogs
  6 vampire mosquitoes
  5 wargs
  3 hell hounds (Volcano)
  14 water moccasins
  10 porcupines
  Duvessa (D:5)
  41 orc warriors
  2 black bears
  16 ogres
  3 sky beasts
  2 ice beasts
  2 necrophages (D:7)
  20 wolves
  2 phantoms
  12 centaurs
  11 crocodiles
  3 big kobolds
  Blork the orc (D:6)
  23 bullfrogs
  A water moccasin zombie (D:7)
  Dowan (D:5)
  5 scorpions
  13 killer bees
  A wight (D:7)
  7 electric eels
  A vampire bat (D:3)
  2 howler monkeys
  5 crimson imps
  2 bullfrog zombies (D:7)
  A centaur skeleton (D:4)
  12 hounds
  2 jellies (D:6)
  14 orc priests
  A gnoll shaman (Orc:2)
  27 orc wizards
  Crazy Yiuf (D:7)
  4 bullfrog skeletons
  Ijyb (D:3)
  Terence (D:3)
  2 iguanas
  5 worker ants
  A killer bee zombie (D:6)
  2 centaur simulacra (D:9)
  A bullfrog simulacrum (D:9)
  A hound zombie (D:7)
  A mummy (D:7)
  A worker ant zombie (D:7)
  A howler monkey zombie (D:6)
  Robin (D:1)
  13 adders
  11 gnolls
  A howler monkey skeleton (D:4)
  An ufetubus (D:9)
  An adder skeleton (D:6)
  3 worms
  2 dart slugs
  3 fire bats (D:3)
  7 leopard geckos
  80 orcs
  2 spectral bats (D:3)
  3 bat skeletons (D:3)
  A bat zombie (D:3)
  9 giant cockroaches
  9 hobgoblins
  6 jackals
  6 quokkas
  13 bats
  A bat simulacrum (D:3)
  8 frilled lizards
  10 goblins
  18 kobolds
  6 rats
  3 bushes (Lair:6)
  A butterfly (Lair:1)
  A fungus (Lair:4)
  11 plants
697 creatures vanquished.

Vanquished Creatures (collateral kills)
  A plant (Lair:1)
1 creature vanquished.

Vanquished Creatures (others)
  A bush (Lair:6)
  15 fungi
  29 plants
45 creatures vanquished.

Grand Total: 743 creatures vanquished

Notes
Turn   | Place    | Note
-------+----------+-------------------------------------------
     0 | D:1      | Duffy the Deep Elf Conjurer began the quest for the Orb.
     0 | D:1      | Reached XP level 1. HP: 10/10 MP: 6/6
   388 | D:1      | Reached XP level 2. HP: 15/15 MP: 4/8
   392 | D:1      | Learned a level 2 spell: Searing Ray
   757 | D:2      | Reached skill level 5 in Conjurations
   964 | D:2      | Found a shattered altar of Ashenzari.
  1061 | D:2      | Reached XP level 3. HP: 19/19 MP: 2/10
  1204 | D:2      | Reached XP level 4. HP: 15/24 MP: 7/12
  1208 | D:2      | Reached skill level 6 in Conjurations
  1394 | D:2      | Noticed Robin
  1445 | D:1      | Killed Robin
  1715 | D:2      | Reached XP level 5. HP: 28/28 MP: 9/13
  1721 | D:2      | Learned a level 4 spell: Iskenderun's Mystic Blast
  1727 | D:2      | Learned a level 5 spell: Iskenderun's Battlesphere
  2198 | D:3      | Reached skill level 1 in Charms
  2431 | D:3      | Noticed Terence
  2435 | D:3      | Killed Terence
  2549 | D:3      | Noticed Ijyb
  2555 | D:3      | Killed Ijyb
  2613 | D:3      | Reached XP level 6. HP: 32/32 MP: 13/15
  2685 | D:3      | Reached skill level 7 in Conjurations
  2934 | D:3      | Reached skill level 5 in Spellcasting
  3766 | D:4      | Reached XP level 7. HP: 36/36 MP: 12/17
  4077 | D:4      | Reached skill level 8 in Conjurations
  4915 | D:5      | Entered Level 5 of the Dungeon
  4921 | D:5      | Noticed Grinder
  4930 | D:4      | Reached skill level 9 in Conjurations
  5056 | D:5      | Killed Grinder
  5056 | D:5      | Reached XP level 8. HP: 24/41 MP: 5/20
  5183 | D:5      | Noticed Duvessa
  5187 | D:5      | Noticed Dowan
  5188 | D:5      | Killed Duvessa
  5334 | D:5      | Killed Dowan
  5334 | D:5      | Reached skill level 10 in Conjurations
  5489 | D:5      | Found a staircase to the Ecumenical Temple.
  5516 | Temple   | Entered the Ecumenical Temple
  5708 | D:5      | Found Baoskann's Jewellery Shoppe.
  6027 | D:6      | Reached skill level 11 in Conjurations
  6239 | D:6      | Reached XP level 9. HP: 45/45 MP: 23/23
  6285 | D:6      | Noticed Blork the orc
  6291 | D:6      | Killed Blork the orc
  6664 | D:6      | Noticed Sigmund
  6676 | D:6      | Killed Sigmund
  6741 | D:6      | Found a burning altar of Makhleb.
  6743 | D:6      | Found a glowing silver altar of Zin.
  6743 | D:6      | Noticed an angel
  6744 | D:6      | Noticed a balrug
  7148 | D:6      | Reached skill level 1 in Fighting
  7663 | D:7      | Noticed Joseph
  7668 | D:7      | Killed Joseph
  7668 | D:7      | Reached skill level 5 in Dodging
  7804 | D:7      | Identified Ecsiq's Tome of the Torrid Rocks
  8220 | D:7      | Reached XP level 10. HP: 28/57 MP: 12/25
  8803 | D:7      | Found a runed door.
  8807 | D:7      | Noticed Crazy Yiuf
  8811 | D:7      | Killed Crazy Yiuf
  9266 | D:8      | Found a radiant altar of Vehumet.
  9273 | D:8      | Found a white marble altar of Elyvilon.
  9276 | D:8      | Became a worshipper of Vehumet
  9279 | D:8      | Found an iron altar of Okawaru.
  9279 | D:8      | Found a stormy altar of Qazlal.
  9279 | D:8      | Found a deep blue altar of Sif Muna.
  9372 | D:8      | Reached skill level 5 in Fighting
  9964 | D:8      | Noticed a two-headed ogre
  9968 | D:8      | Killed a two-headed ogre
 10420 | D:8      | Reached * piety under Vehumet
 10420 | D:8      | Offered knowledge of Sting by Vehumet.
 10741 | D:9      | Noticed Psyche
 10745 | D:9      | Killed Psyche
 10769 | D:9      | Reached skill level 10 in Dodging
 10855 | D:8      | Reached XP level 11. HP: 27/66 MP: 0/26
 11289 | D:9      | Found a staircase to the Lair.
 11495 | D:9      | Gained mutation: You are robust. (+10% HP) [mutagenic meat]
 11524 | D:9      | Noticed a two-headed ogre
 11527 | D:9      | Killed a two-headed ogre
 11976 | Lair:1   | Entered Level 1 of the Lair of Beasts
 12128 | Lair:1   | Reached ** piety under Vehumet
 12160 | Lair:1   | Noticed a seven-headed hydra
 12167 | Lair:1   | Killed a seven-headed hydra
 12300 | Lair:1   | Offered knowledge of Throw Frost by Vehumet.
 13759 | Lair:1   | Reached skill level 10 in Spellcasting
 13759 | Lair:1   | Reached skill level 13 in Conjurations
 13759 | Lair:1   | Reached XP level 12. HP: 83/83 MP: 26/28
 13977 | Lair:2   | Found a hole to the Spider Nest.
 14018 | Lair:2   | Noticed Urug
 14050 | Lair:2   | Reached skill level 10 in Fighting
 14366 | Lair:2   | Killed Urug
 14550 | Lair:2   | Reached XP level 13. HP: 90/90 MP: 30/30
 14553 | Lair:2   | Offered knowledge of Static Discharge by Vehumet.
 14574 | Lair:2   | Reached skill level 14 in Conjurations
 15163 | Lair:3   | Found a staircase to the Shoals.
 15356 | Lair:3   | Noticed Rupert
 15416 | Lair:3   | Killed Rupert
 15758 | Lair:3   | Found a bloodstained altar of Trog.
 16188 | Lair:4   | Noticed Kirke
 16382 | Lair:3   | Killed Kirke
 16513 | Lair:4   | Reached *** piety under Vehumet
 16513 | Lair:4   | Reached skill level 15 in Conjurations
 17896 | Lair:4   | Offered knowledge of Airstrike by Vehumet.
 17984 | Lair:4   | Noticed Josephine
 18046 | Lair:4   | Killed Josephine
 18164 | Lair:5   | Reached skill level 16 in Conjurations
 18801 | Lair:5   | Reached **** piety under Vehumet
 18914 | Lair:5   | Reached XP level 14. HP: 96/96 MP: 14/33
 19099 | Lair:5   | Offered knowledge of Fireball by Vehumet.
 19165 | Lair:5   | Learned a level 5 spell: Fireball
 19711 | Lair:6   | Entered Level 6 of the Lair of Beasts
 19723 | Lair:5   | Reached skill level 17 in Conjurations
 20317 | Lair:6   | Reached ***** piety under Vehumet
 20331 | Lair:6   | Offered knowledge of Iron Shot by Vehumet.
 21191 | Lair:6   | Found a staircase to the Slime Pits.
 21216 | Lair:6   | Found a viscous altar of Jiyva.
 21413 | Lair:6   | Reached skill level 18 in Conjurations
 21779 | Lair:6   | Reached skill level 15 in Spellcasting
 22428 | D:10     | Entered Level 10 of the Dungeon
 22857 | D:10     | Found a staircase to the Orcish Mines.
 23289 | Orc:1    | Entered Level 1 of the Orcish Mines
 23346 | Orc:1    | Found a dark tunnel.
 23351 | Volcano  | Entered a volcano
 23528 | Volcano  | Offered knowledge of Conjure Ball Lightning by Vehumet.
 24731 | Orc:2    | Entered Level 2 of the Orcish Mines
 24874 | Orc:2    | Found a staircase to the Elven Halls.
 25287 | Orc:2    | Noticed azzavlup's ghost (journeyman DsAK)
 25629 | Orc:2    | Killed azzavlup's ghost
 25762 | Orc:2    | Reached XP level 15. HP: 68/101 MP: 28/36
 26285 | Orc:2    | Reached skill level 19 in Conjurations
 26375 | Orc:2    | Offered knowledge of Delayed Fireball by Vehumet.
 26385 | Orc:2    | Learned a level 7 spell: Delayed Fireball
 26889 | Orc:2    | Found Net Buck's General Store.
 26889 | Orc:2    | Found Qint's Assorted Antiques.
 26891 | Orc:2    | Found Ichel's Antique Armour Boutique.
 26893 | Orc:2    | Found Jailamib's Magic Scroll Shoppe.
 27074 | Orc:2    | Bought a runed robe for 174 gold pieces
 27084 | Orc:2    | Bought a runed robe for 174 gold pieces
 27108 | Orc:2    | Bought a viscous coppery potion for 21 gold pieces
 27108 | Orc:2    | Bought a scroll of magic mapping for 84 gold pieces
 27108 | Orc:2    | Bought a silvery potion for 21 gold pieces
 27108 | Orc:2    | Bought a scroll of magic mapping for 84 gold pieces
 27109 | Orc:2    | Bought a potion of brilliance for 64 gold pieces
 27111 | Orc:2    | Bought a scroll of teleportation for 39 gold pieces
 27111 | Orc:2    | Bought a scroll of identify for 26 gold pieces
 27111 | Orc:2    | Bought a scroll of teleportation for 39 gold pieces
 27111 | Orc:2    | Bought a scroll of identify for 26 gold pieces
 27111 | Orc:2    | Bought a scroll of fog for 26 gold pieces
 27116 | Orc:2    | Bought a scroll of acquirement for 832 gold pieces
 27807 | Orc:2    | Gained mutation: Scrolls take you a little longer to read. [potion of mutation]
 27807 | Orc:2    | Gained mutation: You are somewhat resistant to further mutation. [potion of mutation]
 27807 | Orc:2    | Lost mutation: You are robust. (+10% HP) [potion of mutation]
 27809 | Orc:2    | Quit the game

Vault maps used:
D:1:      grunt_arrival_crossed_arrows
D:2:      evilmike_ruin_ashenzari, first_bread, cheibrodos_gnoll_hut, uniq_robin
D:3:      hangedman_decor_riveting, goddamned_bats, uniq_terence, uniq_iyjb
D:5:      minmay_temple_entry_large_hall, serial_shops, shop, uniq_grinder,
          uniq_duvessa
D:6:      wad_river_or_something, grunt_temple_overflow_order_and_chaos_2,
          uniq_blork_the_orc, uniq_sigmund
D:7:      serial_undead, serial_undead_a, serial_undead_f, serial_undead_b,
          serial_undead_c, grunt_livestock, uniq_joseph, uniq_crazy_yiuf_cottage
D:8:      minitemple, serial_glass, glass_columns_b, glass_columns_a
D:9:      erik_lair_island, serial_ice, serial_ice_a, serial_ice_n,
          serial_ice_f, serial_ice_l, serial_ice_c, uniq_psyche
D:10:     orc_0_dummy
D:11:     evilmike_library_of_no_secrets
Temple:   cyrus_circular_temple
Lair:1:   serial_bayou_pond_c, wad_woods_03, lemuel_fruit_fields,
          lemuel_fruit_tree
Lair:2:   nicolae_spider_entry_orb_guardian, uniq_urug
Lair:3:   elwin_shoals_entry_rooms, basic_altar, uniq_rupert
Lair:4:   beast_lair_carwin_10, grunt_megastairs_4, uniq_josephine, uniq_kirke
Lair:5:   special_room
Lair:6:   minmay_lair_end_frog_pond, slime_altar_1, minmay_lair_oklob_bushes,
          serial_bayou_shore_b, serial_bayou_shore_b
Orc:1:    enter_volcano_4
Orc:2:    st_orc_rangers
Volcano:  volcano_pools

Skill      XL: |  1  2  3  4  5  6  7  8  9 10 11 12 13 14 15 |
---------------+----------------------------------------------+-----
Conjurations   | 5 6 7 9 11 13 16 18 19 | 19.2
Spellcasting   | 4 5 7 8 9 10 11 13 15 16 | 16.0
Charms         | 2 3 4 |  4.0
Dodging        | 6 10 11 | 11.0
Fighting       | 4 6 9 10 | 10.0
Stealth        | |  2.4

Action                   |  1- 3 |  4- 6 |  7- 9 | 10-12 | 13-15 || total
-------------------------+-------+-------+-------+-------+-------++-------
Melee: Quarterstaff      |       |       |       |   144 |       ||   144
       Dagger            |       |       |       |    20 |     4 ||    24
 Cast: Magic Dart        |    21 |    93 |   173 |   280 |   540 ||  1107
       Searing Ray       |     3 |    19 |    15 |     3 |     4 ||    44
       Iskenderun's Batt |       |       |    27 |    72 |   169 ||   268
       Iskenderun's Myst |       |       |    12 |    28 |   155 ||   195
       Fireball          |       |       |       |       |    78 ||    78
       Delayed Fireball  |       |       |       |       |     1 ||     1
Evoke: Wand              |       |       |     9 |       |       ||     9
  Use: Scroll            |       |       |     7 |     6 |    12 ||    25
       Potion            |       |       |       |     1 |     3 ||     4
  Eat: Chunk             |     1 |     8 |    19 |    31 |    46 ||   105
       Bread ration      |       |       |       |     1 |       ||     1
Armor: Robe              |     3 |    17 |     6 |    10 |    38 ||    74
Dodge: Dodged            |     6 |    37 |    34 |    69 |   274 ||   420
